 Dungeon Crawl Stone Soup version 0.22.1-2-g9c5b331383 (webtiles) character file.

415 H0rd4k the Charlatan (level 7, 0/50 HPs)
             Began as a Human Artificer on Dec 13, 2018.
             Killed by divine providence
             ... invoked by an orc priest
              (14 damage)
             ... on level 5 of the Dungeon on Dec 14, 2018.
             The game lasted 00:08:00 (3264 turns).

H0rd4k the Charlatan (Human Artificer)              Turns: 3264, Time: 00:08:01

Health: 0/50       AC:  7    Str: 13    XL:     7   Next: 15%
Magic:  9/9        EV: 11    Int: 13    God:
Gold:   241        SH:  0    Dex: 13    Spells: 6/6 levels left

rFire    . . .     SeeInvis .   e - +0 dagger (drain)
rCold    . . .     Gourm    .   (no shield)
rNeg     . . .     Faith    .   t - +1 ring mail {MR+}
rPois    .         Spirit   .   o - +0 hat
rElec    .         Reflect  .   (no cloak)
rCorr    .         Harm     .   p - +0 pair of gloves
MR       +....                  (no boots)
Stlth    +.........             (no amulet)
HPRegen  0.16/turn              (no ring)
MPRegen  0.11/turn              (no ring)

@: drained
A: no striking features
a: no special abilities


You were on level 5 of the Dungeon.
You were hungry.

You visited 1 branch of the dungeon, and saw 5 of its levels.

You collected 241 gold pieces.

Inventory:

Hand Weapons
 c - a +0 short sword
 e - a +0 dagger of draining (weapon)
 s - a +1 dagger of holy wrath
Missiles
 l - 5 tomahawks
 q - 42 sling bullets
 y - 2 throwing nets (quivered)
 A - 19 bolts
Armour
 b - a +0 leather armour
 o - a +0 hat (worn)
 p - a +0 pair of gloves (worn)
 t - a +1 ring mail of magic resistance (worn)
 v - a +0 robe of positive energy
Wands
 d - a wand of enslavement (15)
Scrolls
 a - a scroll of fog {unknown}
 g - 5 scrolls of identify {unknown}
 h - a scroll of magic mapping {unknown}
 i - a scroll of remove curse
 j - 4 scrolls of teleportation
 n - a scroll of enchant armour {unknown}
 r - a scroll of amnesia {unknown}
 w - 2 scrolls of noise {unknown}
Potions
 k - a potion of heal wounds {unknown}
 m - 2 potions of brilliance {unknown}
 u - a potion of curing {unknown}
 x - 3 potions of resistance {unknown}
 z - a potion of flight {unknown}
 B - a potion of haste {unknown}
Comestibles
 f - 6 rations


   Skills:
 + Level 2.1(1.5) Fighting
 + Level 3.4(2.8) Short Blades
 + Level 2.8(2.2) Armour
 + Level 3.8(3.1) Dodging
 + Level 2.0(1.4) Stealth
 + Level 3.9(3.3) Evocations


You had 6 spell levels left.
You didn't know any spells.
Your spell library was empty.

Dungeon Overview and Level Annotations

Branches:
Dungeon (5/15)             Temple (0/1) D:4

Altars:
Dithmenos
Xom

Annotations:
D:4 exclusion: upstairs
D:5 exclusion: ice beast


Message History

You hit the orc priest but do no damage.
The orc priest hits you but does no damage.
You hit the orc priest but do no damage.
The orc priest hits you but does no damage.
You hit the orc priest.
The orc priest is lightly wounded.
The orc priest hits you with a dagger.
You closely miss the orc priest.
The orc priest is lightly wounded.
The orc priest hits you but does no damage.
You hit the orc priest.
The orc priest is moderately wounded.
The orc priest mumbles some strange prayers to Beogh against you.
Beogh smites you!
* * * LOW HITPOINT WARNING * * *
You hit the orc priest. You drain the orc priest!
The orc priest is heavily wounded.
The orc priest mumbles some strange prayers to Beogh against you.
Beogh smites you!
You die...

..###.#.#######
#.............#
...####.#####.#
.........# #<#
Y..####..# #.#
#..# #.# #..#
#.# #..####.#
#.oo@.#.#
#..##.#.#
#.....# .#.#
.)..#....# .#
## #.##o# .#
... ... .. .##.
.o#### # ..# .#


You could see an orc priest and an orc.

Vanquished Creatures
  An ice beast (D:3)
  2 howler monkeys
  2 worker ants
  Natasha (thrice) (D:2)
  4 adders
  2 worms (D:3)
  A dart slug (D:4)
  2 leopard geckos
  9 orcs
  6 giant cockroaches
  7 goblins
  6 hobgoblins
  2 jackals (D:3)
  A quokka (D:4)
  5 ball pythons
  8 bats
  5 frilled lizards
  5 kobolds
  4 rats
75 creatures vanquished.

Notes
Turn   | Place    | Note
-------+----------+-------------------------------------------
     0 | D:1      | H0rd4k the Human Artificer began the quest for the Orb.
     0 | D:1      | Reached XP level 1. HP: 15/15 MP: 3/3
   127 | D:1      | Reached XP level 2. HP: 15/21 MP: 4/4
   920 | D:1      | Reached XP level 3. HP: 21/26 MP: 5/5
  1192 | D:2      | Noticed Natasha
  1195 | D:2      | Killed Natasha
  1195 | D:2      | Reached skill level 1 in Armour
  1195 | D:2      | Reached XP level 4. HP: 32/32 MP: 6/6
  1311 | D:2      | Noticed Natasha
  1313 | D:2      | Killed Natasha
  1445 | D:2      | Noticed Natasha
  1451 | D:2      | Reached XP level 5. HP: 34/37 MP: 7/7
  1452 | D:2      | Killed Natasha
  1679 | D:2      | Found a faded altar of an unknown god.
  1878 | D:3      | Reached XP level 6. HP: 42/44 MP: 8/8
  1957 | D:3      | Noticed an ice beast
  1976 | D:3      | Killed an ice beast
  2135 | D:3      | Found a shimmering altar of Xom.
  2496 | D:3      | Found a shadowy altar of Dithmenos.
  2894 | D:4      | Reached XP level 7. HP: 44/50 MP: 9/9
  3200 | D:4      | Found a staircase to the Ecumenical Temple.
  3229 | D:5      | Entered Level 5 of the Dungeon
  3264 | D:5      | Killed from afar by an orc priest

Skill      XL: |  1  2  3  4  5  6 |
---------------+-------------------+-----
Armour         | 1 2 |  2.8
Short Blades   | 2 3 |  3.4
Dodging        | 3 |  3.8
Fighting       | 2 |  2.1
Stealth        | 2 |  2.0
Evocations     | |  3.9

Action                   |  1- 3 |  4- 6 |  7- 9 || total
-------------------------+-------+-------+-------++-------
Melee: Short sword       |    86 |   214 |    16 ||   316
       Dagger            |       |       |    28 ||    28
Evoke: Wand              |     2 |    24 |     4 ||    30
  Use: Scroll            |       |     4 |       ||     4
 Stab: Sleeping          |     3 |     1 |       ||     4
  Eat: Chunk             |     1 |     5 |     1 ||     7
Armor: Leather armour    |    41 |    50 |       ||    91
       Ring mail         |       |     8 |    12 ||    20
Dodge: Dodged            |    88 |   173 |    16 ||   277
